 Dungeon Crawl Stone Soup version 0.30.1 (webtiles) character file.

Game seed: 3254541800214853214

965 DemonSlayer the Digger (level 7, -2/43 (48) HPs)
             Began as a Demonspawn Earth Elementalist on July 6, 2023.
             Slain by a wight
             ... wielding a +3 dagger
              (3 damage)
             ... on level 6 of the Dungeon.
             The game lasted 00:10:04 (5319 turns).

DemonSlayer the Digger (DsEE)                       Turns: 5319, Time: 00:10:04

HP:   -2/43 (48)    AC:  4    Str:  8    XL:     7   Next: 93%
MP:   12/15         EV: 12    Int: 16    God:
Gold: 147           SH:  0    Dex: 16    Spells: 4/17 levels left

rFire   + . .        y - +2 dagger (venom)
rCold   . . .        d - orb {*channel}
rNeg    . . .        a - +0 robe
rPois   .            v - +0 helmet
rElec   .            (no cloak)
rCorr   .            (no gloves)
SInv    .            n - +0 pair of boots
Will    .....        (no amulet)
Stlth   ++           t - ring of protection from fire
HPRegen 0.27/turn    e - ring of flight
MPRegen 0.14/turn

%: channel magic (20%)
@: flying, heavily drained
A: hooves 1, foul stench 2, demonic magic 1
a: no special abilities


You were on level 6 of the Dungeon.
You visited 1 branch of the dungeon, and saw 6 of its levels.
You also visited: Sewer.

You collected 315 gold pieces.
You spent 168 gold pieces at shops.

Inventory:

Hand Weapons
 y - a +2 dagger of venom (weapon)
Armour
 a - a +0 robe (worn)
 d - an orb of energy (worn)
 n - a +0 pair of boots (worn)
 v - a +0 helmet (worn)
Jewellery
 e - a ring of flight (right hand)
 t - a ring of protection from fire (left hand)
Scrolls
 f - a scroll of fog {unknown}
 g - a scroll of enchant weapon {unknown}
 i - 2 scrolls of teleportation {unknown}
 j - a scroll of brand weapon {unknown}
 k - a scroll of fear {unknown}
 l - a scroll of blinking
 o - 3 scrolls of vulnerability
 p - a scroll of poison {unknown}
 q - 2 scrolls of identify {unknown}
 r - 2 scrolls of enchant armour {unknown}
 w - a scroll of magic mapping {unknown}
 A - a scroll of amnesia {unknown}
Potions
 b - a potion of magic
 c - a potion of resistance {unknown}
 h - a potion of might {unknown}
 m - a potion of ambrosia {unknown}
 s - 2 potions of curing {unknown}
 u - a potion of mutation {unknown}
 x - a potion of brilliance {unknown}
 z - a potion of flight {unknown}


   Skills:
 + Level 1.1 Fighting
 + Level 2.4 Dodging
 + Level 2.9 Stealth
 + Level 5.8 Spellcasting
 + Level 0.8 Transmutations
 + Level 6.0 Earth Magic


You had 4 spell levels left.
You knew the following spells:

 Your Spells              Type           Power      Damage    Failure   Level
a - Sandblast             Erth           46%        2d11      6%          1
b - Stone Arrow           Conj/Erth      28%        3d8       28%         3
c - Passwall              Tmut/Erth      12%        N/A       16%         2
d - Mephitic Cloud        Conj/Pois/Air  4%         N/A       61%         3
e - Petrify               Tmut/Erth      15%        N/A       56%         4

Your spell library contained the following spells:

 Spells                   Type           Power      Damage    Failure   Level
 Magic Dart               Conj           16%        1d3       32%         1
 Call Imp                 Summ           8%         N/A       43%         2
 Passage of Golubria      Tloc           4%         N/A       92%         4
 Silence                  Hex/Air        2%         N/A       99%         5
 Lehudib's Crystal Spear  Conj/Erth      7%         10d3      100%        8


Dungeon Overview and Level Annotations

Branches:
Dungeon (6/15)              Sewer (visited)
 Temple: D:4-7

Altars:
Ashenzari
Nemelex Xobeh
Okawaru
Vehumet

Shops:
D:1 (


Innate Abilities, Weirdness & Mutations

You have large cloven feet.
You sometimes emit foul miasma when damaged in melee.
Spells you cast may paralyse adjacent enemies.


Message History

Malevolent energies surge around you. The wight hits you with a +3 dagger!
The blast of sand hits the wight!
The wight is heavily damaged.
Malevolent energies surge around you. Magical energy flows into your mind!
The wight hits you with a +3 dagger!
You feel drained. The wight hits you with a +3 dagger.
You emit a cloud of foul miasma!
Casting: Sandblast (safe; 6% risk of failure)
Confirm with . or Enter, or press ? or * to list all spells.
Aiming: Sandblast (safe; 6% risk of failure)
Press: ? - help, Shift-Dir - straight line, f/p - wight
Aim: a wight, wielding a +3 dagger and wearing a +0 robe (foul pestilence, heavily damaged, 83% to hit)
The blast of sand hits the wight but does no damage.
The wight is heavily damaged.
Malevolent energies surge around you.
The wight suddenly stops moving!
The wight is no longer paralysed.
The wight misses you.
Casting: Sandblast (safe; 6% risk of failure)
Confirm with . or Enter, or press ? or * to list all spells.
Aiming: Sandblast (safe; 6% risk of failure)
Press: ? - help, Shift-Dir - straight line, f/p - wight
Aim: a wight, wielding a +3 dagger and wearing a +0 robe (foul pestilence, heavily damaged, 83% to hit)
The blast of sand hits the wight but does no damage.
The wight is heavily damaged.
Malevolent energies surge around you. The wight hits you with a +3 dagger.
* * * LOW HITPOINT WARNING * * *
You feel drained.
* * * LOW HITPOINT WARNING * * *
The wight hits you with a +3 dagger.
* * * LOW HITPOINT WARNING * * *
You feel drained.
* * * LOW HITPOINT WARNING * * *
Casting: Sandblast (safe; 6% risk of failure)
Confirm with . or Enter, or press ? or * to list all spells.
Aiming: Sandblast (safe; 6% risk of failure)
Press: ? - help, Shift-Dir - straight line, f/p - wight
Aim: a wight, wielding a +3 dagger and wearing a +0 robe (foul pestilence, heavily damaged, 83% to hit)
The blast of sand misses the wight.
Malevolent energies surge around you. The wight hits you with a +3 dagger!
* * * LOW HITPOINT WARNING * * *
You feel drained.
You die...

######
#.z@<#
#.####
.. ..<
.##


You could see a wight.

Vanquished Creatures
  Sigmund (D:5)
  An ice beast (D:5)
  An ogre (D:5)
  2 bullfrogs (Sewer)
  A scorpion (D:4)
  2 howler monkeys (D:5)
  A jelly (D:5)
  2 iguanas
  2 orc wizards
  12 adders
  A river rat (D:4)
  A white imp (D:5)
  2 worms (D:4)
  3 dart slugs
  8 orcs
  7 ball pythons
  2 bats
  8 endoplasms
  11 giant cockroaches
  4 hobgoblins
  3 jackals (D:3)
  8 kobolds
  5 quokkas
  13 frilled lizards
  4 goblins
  4 rats
109 creatures vanquished.

Notes
Turn   | Place    | Note
-------+----------+-------------------------------------------
     0 | D:1      | DemonSlayer the Demonspawn Earth Elementalist began the
                  | quest for the Orb.
     0 | D:1      | Reached XP level 1. HP: 13/13 MP: 3/3
    89 | D:1      | Found a faded altar of an unknown god.
   236 | D:1      | Gained mutation: You may rarely emit foul miasma when
                  | damaged in melee. [demonic ancestry]
   236 | D:1      | Reached XP level 2. HP: 19/19 MP: 1/5
   305 | D:1      | Reached skill level 3 in Earth Magic
   410 | D:1      | Found Hooj's Antique Weapon Emporium.
   962 | D:2      | Reached XP level 3. HP: 24/24 MP: 7/7
  1156 | D:2      | Identified the +1 ring mail of Entitlement {rN+ Will+
                  | Dex+3}
  1236 | D:2      | Found an iron altar of Okawaru.
  1645 | D:2      | Learned a level 3 spell: Stone Arrow
  1648 | D:2      | Learned a level 2 spell: Passwall
  2170 | D:3      | Found an iron altar of Okawaru.
  2171 | D:3      | Found a radiant altar of Vehumet.
  2180 | D:3      | Gained mutation: You sometimes emit foul miasma when
                  | damaged in melee. [demonic ancestry]
  2180 | D:3      | Reached XP level 4. HP: 28/30 MP: 0/8
  2816 | D:4      | Found a broken altar of Ashenzari.
  3050 | D:4      | Reached XP level 5. HP: 27/35 MP: 6/10
  3128 | D:4      | Reached skill level 4 in Earth Magic
  3134 | D:4      | Found a glowing drain.
  3138 | Sewer    | Entered a sewer
  3370 | Sewer    | Gained mutation: You have large cloven feet. [demonic
                  | ancestry]
  3370 | Sewer    | Reached XP level 6. HP: 31/41 MP: 8/12
  4088 | D:4      | Reached skill level 5 in Earth Magic
  4180 | D:4      | Learned a level 3 spell: Mephitic Cloud
  4185 | D:4      | Learned a level 4 spell: Petrify
  4414 | D:1      | Bought a bloodstained dagger for 168 gold pieces
  4414 | D:1      | Identified the +1 dagger of the Fray {holy, Contam rElec
                  | Will+ Dex+6} (You bought it in a shop on level 1 of the
                  | Dungeon)
  4493 | D:5      | Entered Level 5 of the Dungeon
  4656 | D:5      | Noticed an ice beast
  4664 | D:5      | Killed an ice beast
  4665 | D:5      | Reached skill level 1 in Fighting
  4665 | D:5      | Reached skill level 5 in Spellcasting
  4665 | D:5      | Gained mutation: Spells you cast may paralyse adjacent
                  | enemies. [demonic ancestry]
  4665 | D:5      | Reached XP level 7. HP: 27/48 MP: 9/14
  4743 | D:5      | Noticed Sigmund
  4750 | D:5      | Killed Sigmund
  4903 | D:5      | Found a sparkling altar of Nemelex Xobeh.
  5211 | D:5      | Reached skill level 6 in Earth Magic
  5319 | D:6      | HP: 1/44 [wight/+3 dagger (7)]
  5319 | D:6      | Slain by a wight

Illustrated notes

Levels and vault maps discovered:
D:1:      lemuel_arrival_funnel, layout_loops_cross, serial_shops,
          nicolae_shop_crystal, shapermc_ecumenical_altar_ellora
D:2:      layout_basic, basic_altar
D:3:      layout_basic, nicolae_overflow_two_pavilions, serial_glass,
          glass_columns_b, glass_columns_b, glass_columns_c, glass_columns_a,
          glass_columns_b, glass_columns_a, glass_columns_c, glass_columns_b,
          glass_columns_a, glass_columns_a, glass_columns_c, glass_columns_c,
          glass_columns_b, glass_columns_b
D:4:      layout_loops_ring, mainiacjoe_overflow_tiny_flanked,
          gup_sewer_entry_spiral
D:5:      layout_gridville, mainiacjoe_overflow_paths, uniq_sigmund
D:6:      layout_basic, uniq_maggie

Skill      XL: |  1  2  3  4  5  6  7 |
---------------+----------------------+-----
Stealth        | 2 |  2.9
Earth Magic    | 3 4 5 6 |  6.0
Spellcasting   | 3 4 5 |  5.8
Dodging        | 2 |  2.4
Fighting       | 1 |  1.1
Transmutations | |  0.8

Action                     |  1- 3 |  4- 6 |  7- 9 || total
---------------------------+-------+-------+-------++-------
  Melee: Dagger            |    16 |    23 |     5 ||    44
         Unarmed           |     1 |       |       ||     1
   Cast: Sandblast         |    63 |    91 |    25 ||   179
    Use: Scroll            |     3 |     1 |     1 ||     5
   Stab: Sleeping          |     6 |     2 |     1 ||     9
         Paralysed         |       |       |     1 ||     1
 Armour: Robe              |     9 |    28 |     2 ||    39
  Dodge: Dodged            |    40 |    70 |     5 ||   115
